 Dungeon Crawl Stone Soup version 0.25-a0-737-g26c3a87c45 (webtiles) character file.

Game seed: 10188461660185077094, levelgen mode: deterministic

9219 Froggeryz the Basher (level 11, -2/67 HPs)
             Began as a Gargoyle Arcane Marksman on Apr 12, 2020.
             Was a High Priest of Okawaru.
             Slain by a five-headed hydra (4 damage)
             ... on level 1 of the Lair of Beasts.
             The game lasted 00:27:56 (14251 turns).

Froggeryz the Basher (Gargoyle Arcane Marksman)    Turns: 14251, Time: 00:27:57

Health: -2/67      AC: 22    Str: 17    XL:     11   Next: 43%
Magic:  11/12      EV: 11    Int: 14    God:    Okawaru [*****.]
Gold:   607        SH:  6    Dex: 10    Spells: 12/12 levels left

rFire    + . .     SeeInvis .   u - +0 flail (protect)
rCold    + . .     Gourm    .   v - +1 buckler
rNeg     + . .     Faith    .   p - +0 leather armour
rPois    ∞         Spirit   .   q - +1 hat
rElec    +         Reflect  .   A - scarf {rC+ rF+}
rCorr    +         Harm     .   b - +2 pair of gloves
MR       +....                  (no boots)
Stlth    +.........             (no amulet)
HPRegen  0.21/turn              B - ring of protection from magic
MPRegen  0.13/turn              N - ring of resist corrosion

@: protection aura
A: negative energy resistance 1, electricity resistance, unbreathing,
petrification resistance, rot immunity, AC +8
a: Heroism, Finesse, Renounce Religion


You were on level 1 of the Lair of Beasts.
You worshipped Okawaru.
Okawaru was extremely pleased with you.
You were hungry.

You visited 3 branches of the dungeon, and saw 12 of its levels.

You collected 717 gold pieces.
You spent 110 gold pieces at shops.

Inventory:

Hand Weapons
 u - a +0 flail of protection (weapon)
 y - a +2 mace of draining
 F - a +5 morningstar
Missiles
 c - 5 javelins
 e - 2 throwing nets (quivered)
 m - 22 poisoned darts
 s - 5 atropa-tipped darts
Armour
 b - a +2 pair of gloves (worn)
 p - a +0 leather armour (worn)
 q - a +1 hat (worn)
 v - a +1 buckler (worn)
 A - a scarf of resistance (worn)
 I - a +0 scale mail
Jewellery
 B - a ring of protection from magic (left hand)
 J - an uncursed ring of see invisible
 N - a ring of resist corrosion (right hand)
Wands
 x - a wand of random effects (17)
 G - a wand of polymorph (9)
 O - a wand of flame (17)
Scrolls
 a - a scroll of fear
 g - 2 scrolls of immolation
 h - 4 scrolls of enchant armour
 i - 2 scrolls of magic mapping
 j - 2 scrolls of blinking
 k - 4 scrolls of remove curse
 H - 2 scrolls of amnesia
Potions
 d - a potion of flight
 l - a potion of ambrosia {unknown}
 o - a potion of invisibility
 r - a potion of heal wounds
 w - 2 potions of brilliance
 z - a potion of mutation
 L - a potion of haste
Miscellaneous
 M - a phantom mirror
Comestibles
 f - 20 rations


   Skills:
 + Level 7.1 Fighting
 * Level 13.4 Maces & Flails
 - Level 1.7 Throwing
 - Level 5.0 Armour
 - Level 1.5 Dodging
 - Level 7.5 Shields
 - Level 1.0 Spellcasting
   Level 2.8 Hexes


You had 12 spell levels left.
You didn't know any spells.
Your spell library contained the following spells:

 Spells                   Type           Power        Failure   Level  Hunger
 Corona                   Hex            #......      10%         1    ##.....
 Slow                     Hex            #.......     16%         2    ###....
 Animate Skeleton         Necr           N/A          30%         1    ##.....
 Apportation              Tloc           #.....       30%         1    ##.....
 Infusion                 Chrm           #...         30%         1    ##.....
 Summon Small Mammal      Summ           #...         30%         1    ##.....
 Confusing Touch          Hex            #.......     30%         3    ####...
 Shroud of Golubria       Chrm/Tloc      #.....       43%         2    ###....
 Song of Slaying          Chrm           #.......     43%         2    ###....
 Inner Flame              Hex/Fire       #.......     47%         3    ####...
 Portal Projectile        Hex/Tloc       #.....       47%         3    ####...
 Spectral Weapon          Hex/Chrm       #.......     47%         3    ####...
 Gell's Gravitas          Tloc           #.........   67%         3    ####...
 Ozocubu's Armour         Chrm/Ice       #.......     67%         3    ####...
 Cause Fear               Hex            #.........   69%         4    #####..
 Leda's Liquefaction      Hex/Erth       #.........   87%         4    #####..
 Petrify                  Tmut/Erth      #.......     97%         4    #####..
 Metabolic Englaciation   Hex/Ice        #.........   99%         5    ######.
 Yara's Violent Unravell  Hex/Tmut       #.........   99%         5    ######.
 Bolt of Magma            Conj/Fire/Erth #.........   100%        5    ######.
 Iskenderun's Battlesphe  Conj/Chrm      #.......     100%        5    ######.
 Iron Shot                Conj/Erth      #.........   100%        6    #######
 Orb of Destruction       Conj           #.........   100%        7    #######
 Spellforged Servitor     Conj/Summ      #.........   100%        7    #######


Dungeon Overview and Level Annotations

Branches:
Dungeon (10/15)            Temple (1/1) D:4            Lair (1/6) D:10
    Orc (0/2) D:10

Altars:
Ashenzari
Cheibriados
Dithmenos
Elyvilon
Fedhas
Gozag
Hepliaklqana
Kikubaaqudgha
Makhleb
Nemelex Xobeh
Okawaru
Qazlal
Ru
Sif Muna
Trog
Uskayaw
Vehumet
Wu Jian
Xom
Yredelemnul
Zin
The Shining One

Shops:
D:6 (   D:7 =   D:9 !

Annotations:
D:10 exclusion: oklob plant


Innate Abilities, Weirdness & Mutations

You are resistant to torment.
Your stone body is resilient. (AC +8)
You are immune to poison.
You resist negative energy. (rN+)
You are resistant to electric shocks. (rElec)
You can survive without breathing.
You are immune to petrification.
You are immune to rotting.


Message History

The five-headed hydra bites you but does no damage.
The five-headed hydra misses you.
You hit the five-headed hydra.
The five-headed hydra is severely wounded.
You feel like a meek peon again.
You hit the five-headed hydra.
The five-headed hydra is almost dead.
You block the five-headed hydra's attack.
The five-headed hydra bites you. x2
You block the five-headed hydra's attack.
The five-headed hydra bites you but does no damage.
You hit the five-headed hydra.
The five-headed hydra is almost dead.
The five-headed hydra bites you! x2
* * * LOW HITPOINT WARNING * * *
The five-headed hydra bites you!
* * * LOW HITPOINT WARNING * * *
The five-headed hydra bites you but does no damage.
The five-headed hydra bites you.
You die...

#..... #...##
###
#....###...#
#
#......#...#
#
###.....#..##
#
.....>..##>#
#...÷##.##
##......P#
#..##..##
#@###...#
#...D..#..##
#P....##..P
#.
###........#
#### #..
#...#....#
P#.#.#.
.......)..
...... ..#.#
...#### ..#..
... ..
.......##...#
#......#


You could see a five-headed hydra.

Vanquished Creatures
  2 two-headed ogres
  A spiny frog (Lair:1)
  A komodo dragon (Lair:1)
  A hippogriff (D:10)
  Eustachio (D:6)
  A wyvern (D:10)
  3 yaks (Lair:1)
  A hungry ghost (D:8)
  A steam dragon (D:8)
  4 porcupines (Lair:1)
  An ice beast (D:6)
  6 orc warriors
  4 sky beasts
  5 phantoms
  A black bear (D:8)
  4 ogres
  4 wolves (Lair:1)
  3 centaurs
  A big kobold (D:10)
  10 bullfrogs
  A wyvern zombie (D:6)
  2 scorpions
  2 howler monkeys
  11 wights
  4 jellies
  4 crimson imps
  3 bullfrog zombies
  5 hounds
  A centaur skeleton (D:6)
  6 orc priests
  14 orc wizards
  3 iguanas (D:9)
  10 worker ants
  A killer bee zombie (D:9)
  A hound zombie (D:6)
  A howler monkey zombie (D:6)
  3 worker ant zombies
  13 adders
  14 gnolls
  3 shadow imps
  4 oozes
  An adder zombie (D:7)
  2 adder skeletons
  4 worms
  4 leopard geckos
  57 orcs
  6 giant cockroaches
  13 goblins
  6 hobgoblins
  5 jackals
  3 quokkas
  2 ball pythons
  9 bats
  2 frilled lizards
  A goblin skeleton (D:8)
  A goblin zombie (D:8)
  5 hobgoblin zombies (D:8)
  11 kobolds
  A kobold skeleton (D:8)
  An orc skeleton (D:8)
  An orc zombie (D:8)
  A quokka skeleton (D:8)
  A rat (D:1)
298 creatures vanquished.

Vanquished Creatures (others)
  2 fungi (Lair:1)
  5 plants (D:10)
7 creatures vanquished.

Grand Total: 305 creatures vanquished

Notes
Turn   | Place    | Note
-------+----------+-------------------------------------------
     0 | D:1      | Froggeryz the Gargoyle Arcane Marksman began the quest for
                  | the Orb.
     0 | D:1      | Reached XP level 1. HP: 12/12 MP: 2/2
   129 | D:1      | Reached XP level 2. HP: 13/17 MP: 3/3
   897 | D:1      | Reached XP level 3. HP: 13/22 MP: 4/4
  1055 | D:2      | Reached skill level 1 in Maces & Flails
  1073 | D:2      | Reached skill level 2 in Maces & Flails
  1073 | D:2      | Reached XP level 4. HP: 19/28 MP: 5/5
  1884 | D:2      | Reached skill level 3 in Maces & Flails
  1884 | D:2      | Reached XP level 5. HP: 19/32 MP: 6/6
  2753 | D:3      | Reached skill level 4 in Maces & Flails
  2753 | D:3      | Reached XP level 6. HP: 27/38 MP: 7/7
  3080 | D:3      | Found a faded altar of an unknown god.
  3538 | D:4      | Reached skill level 1 in Shields
  3890 | D:4      | Found a staircase to the Ecumenical Temple.
  3911 | Temple   | Entered the Ecumenical Temple
  4008 | Temple   | Became a worshipper of Warmaster Okawaru
  4065 | D:4      | Reached XP level 7. HP: 8/44 MP: 8/8
  4417 | D:4      | Reached skill level 5 in Maces & Flails
  4717 | D:4      | Reached * piety under Okawaru
  4786 | D:5      | Entered Level 5 of the Dungeon
  4846 | D:4      | Reached skill level 5 in Shields
  4921 | D:5      | Reached XP level 8. HP: 21/48 MP: 9/9
  5783 | D:5      | Reached skill level 6 in Maces & Flails
  6460 | D:6      | Reached ** piety under Okawaru
  6604 | D:6      | Reached skill level 7 in Maces & Flails
  6621 | D:6      | Found Kuink's Weapon Boutique.
  6684 | D:6      | Reached XP level 9. HP: 46/52 MP: 10/10
  6763 | D:6      | Found a radiant altar of Vehumet.
  6827 | D:6      | Reached skill level 8 in Maces & Flails
  7127 | D:6      | Noticed Eustachio
  7165 | D:6      | Killed Eustachio
  7344 | D:7      | Found Xiopnin's Jewellery Shop.
  7350 | D:7      | Reached skill level 9 in Maces & Flails
  7371 | D:7      | Reached *** piety under Okawaru
  7818 | D:7      | Reached skill level 10 in Maces & Flails
  8125 | D:7      | Reached skill level 1 in Armour
  8422 | D:8      | Found a glowing golden altar of the Shining One.
  8567 | D:8      | Reached **** piety under Okawaru
  8567 | D:8      | Reached XP level 10. HP: 58/58 MP: 11/11
  8579 | D:8      | Reached skill level 11 in Maces & Flails
  9275 | D:8      | Noticed a two-headed ogre
  9311 | D:8      | Killed a two-headed ogre
  9758 | D:8      | Found Sorop's General Store.
 10096 | D:9      | Reached skill level 12 in Maces & Flails
 10153 | D:9      | Reached skill level 5 in Armour
 10212 | D:9      | Reached ***** piety under Okawaru
 10637 | D:9      | Reached skill level 5 in Fighting
 10713 | D:9      | Found Arrogiom's Distillery.
 10718 | D:9      | Bought a potion of haste for 110 gold pieces
 10833 | D:9      | Noticed a two-headed ogre
 10844 | D:9      | Killed a two-headed ogre
 10844 | D:9      | Received a gift from Okawaru
 11030 | D:10     | Entered Level 10 of the Dungeon
 11030 | D:10     | Noticed a fire dragon
 11140 | D:10     | Found a staircase to the Lair.
 11143 | D:10     | Noticed an oklob plant
 11325 | D:10     | Reached XP level 11. HP: 42/64 MP: 12/12
 12235 | D:10     | Reached skill level 13 in Maces & Flails
 12484 | D:10     | HP: 3/65 [fire dragon (12)]
 12905 | Lair:1   | Entered Level 1 of the Lair of Beasts
 14233 | Lair:1   | Noticed a five-headed hydra
 14251 | Lair:1   | HP: 2/67 [five-headed hydra (9)]
 14251 | Lair:1   | Slain by a five-headed hydra

Levels and vault maps discovered:
D:1:      noname_arrival_rooms_in_the_neighbourhood, layout_basic
D:2:      layout_basic
D:3:      layout_loops_ring, chequers_ecumenical_altar_simple,
          grunt_ministairs_6, minivault_26
D:4:      layout_gridville, minmay_temple_entry_antechambers, first_ration
D:5:      layout_loops_ring
D:6:      layout_basic, kennysheep_mini, serial_shops, shop, uniq_eustachio
D:7:      layout_gridville, serial_shops, shop, grunt_ogre_cave,
          hangedman_abyss_or_decor_stabs, serial_bayou_pond_e, minivault_27
D:8:      layout_basic, nicolae_tso_besieged_by_evil, serial_shops,
          nicolae_shop_statue_plus
D:9:      layout_loops_ring, serial_shops, kennysheep_little_box, serial_glass,
          glass_columns_b, glass_columns_a, chequers_serial_rivers_micro_d
D:10:     layout_cave_pods, dpeg_oklobed_lair,
          kennysheep_orc_monster_closet_entryway
Temple:   regret_index_temple_chain_breaker
Lair:1:   layout_misc_corridors

Skill      XL: |  1  2  3  4  5  6  7  8  9 10 11 |
---------------+----------------------------------+-----
Fighting       | 2 3 4 5 7 |  7.1
Maces & Flails | 2 3 4 5 7 10 12 13 | 13.4
Shields        | 3 5 7 |  7.5
Armour         | 2 5 |  5.0
Throwing       | |  1.7
Dodging        | |  1.5
Spellcasting   | |  1.0
Hexes          | |  2.8

Action                   |  1- 3 |  4- 6 |  7- 9 | 10-12 || total
-------------------------+-------+-------+-------+-------++-------
Melee: Short sword       |    11 |       |       |       ||    11
       Mace              |    61 |   254 |       |    12 ||   327
       Flail             |       |    57 |   780 |   657 ||  1494
Throw: Throwing net      |     2 |     1 |       |     5 ||     8
       Dart              |       |       |       |     5 ||     5
Invok: Heroism           |       |       |       |     2 ||     2
       Finesse           |       |       |       |     1 ||     1
Evoke: Wand              |       |       |       |    15 ||    15
  Use: Potion            |       |     3 |       |    11 ||    14
       Scroll            |       |       |     1 |    12 ||    13
 Stab: Held in net/web   |       |       |       |     1 ||     1
  Eat: Chunk             |       |    11 |    15 |    14 ||    40
       Ration            |       |       |       |     2 ||     2
Armor: Robe              |    37 |    97 |       |       ||   134
       Leather armour    |       |    91 |   340 |   260 ||   691
       Skin              |       |    33 |       |    26 ||    59
Dodge: Dodged            |    57 |   224 |   318 |   249 ||   848
Block: Buckler           |       |     9 |   187 |   179 ||   375

Table legend:
 A = Non-vault XP
 B = Vault XP
 C = Vault XP percentage of total XP
 D = Non-vault monster count
 E = Vault monster count
 F = Vault count percentage of total count
                 A         B        C        D         E       F
            +---------+---------+-------+---------+---------+-------
      Total |   12776 |     394 |   3.0 |     284 |      14 |   4.7
            +---------+---------+-------+---------+---------+-------
        D:1 |      50 |       0 |   0.0 |      18 |       0 |   0.0
        D:2 |     195 |       0 |   0.0 |      29 |       0 |   0.0
        D:3 |     146 |       2 |   1.4 |      30 |       1 |   3.2
        D:4 |     641 |       0 |   0.0 |      23 |       0 |   0.0
        D:5 |     478 |       0 |   0.0 |      21 |       0 |   0.0
        D:6 |    1178 |     211 |  15.2 |      24 |       1 |   4.0
        D:7 |    1236 |     121 |   8.9 |      38 |       1 |   2.6
        D:8 |    2894 |      60 |   2.0 |      35 |      11 |  23.9
        D:9 |    1882 |       0 |   0.0 |      25 |       0 |   0.0
       D:10 |    1668 |       0 |   0.0 |      28 |       0 |   0.0
     Lair:1 |    2408 |       0 |   0.0 |      13 |       0 |   0.0
            +---------+---------+-------+---------+---------+-------
